MLB
TAMPA BAY RAYS @ BOSTON RED SOX
05/14/2099
 
TOP OF THE 1ST
Tampa Bay Rays batting - Pitching for Boston Red Sox : LHP Joe Carver
Pitching: LHP Joe Carver
Batting: SHB Jorge Ramos 0-0: Ball
1-0: Ground out 6-3 (Groundball, 56, EV 99.4 MPH)
Batting: RHB Jamie Huggins 0-0: Swinging Strike
0-1: Ball
1-1: SINGLE (Line Drive, 7LS, EV 92.5 MPH)
Batting: RHB Pedro Porras 0-0: Swinging Strike
0-1: Fly out, F8 (Flyball, 8LM, EV 88.8 MPH)
Batting: RHB Kevin Schulz 0-0: Ball
1-0: Called Strike
Jamie Huggins steals 2nd base
1-1: Fly out, F8 (Flyball, 8RD, EV 100.6 MPH)
Top of the 1st over - 0 runs, 1 hit, 0 errors, 1 left on base; Tampa Bay 0 - Boston 0
BOTTOM OF THE 1ST
Boston Red Sox batting - Pitching for Tampa Bay Rays : LHP Mike Garrett
Pitching: LHP Mike Garrett
Batting: RHB Ed Pollock 0-0: DOUBLE (Flyball, 89D, EV 110.6 MPH)
Batting: LHB Michael Lindstrom 0-0: Called Strike
0-1: Ball
1-1: DOUBLE (Line Drive, 89D, EV 102.5 MPH)
Ed Pollock scores
Batting: SHB Tyler Den Hartog 0-0: Ball
1-0: Ground out 5-3 (Groundball, 56, EV 80.6 MPH)
Batting: RHB Joe Fowler 0-0: Called Strike
0-1: Foul Ball, location: 5F
0-2: Foul Ball, location: 2F
0-2: Ball
1-2: Strikes out swinging
Batting: SHB Alex Salazar 0-0: Called Strike
0-1: Fly out, F2 (Popup, 3SF, EV 84.4 MPH)
Bottom of the 1st over - 1 run, 2 hits, 0 errors, 1 left on base; Tampa Bay 0 - Boston 1
TOP OF THE 2ND
Tampa Bay Rays batting - Pitching for Boston Red Sox : LHP Joe Carver
Batting: RHB Dave Taylor 0-0: Ball
1-0: Called Strike
1-1: Ball
2-1: Foul Ball, location: 9LDF
2-2: Foul Ball, location: 2F
2-2: Strikes out looking
Batting: RHB Steve Auclair 0-0: Foul Ball, location: 9LSF
0-1: Swinging Strike
0-2: Ball
1-2: Ball
2-2: Ball
3-2: Foul Ball, location: 5F
3-2: Strikes out swinging
Batting: LHB Ray Behm 0-0: Foul Ball, location: 7LSF
0-1: Ball
1-1: Swinging Strike
1-2: Strikes out swinging
Top of the 2nd over - 0 runs, 0 hits, 0 errors, 0 left on base; Tampa Bay 0 - Boston 1
BOTTOM OF THE 2ND
Boston Red Sox batting - Pitching for Tampa Bay Rays : LHP Mike Garrett
Batting: RHB Zane Wilder 0-0: Foul Ball, location: 5F
0-1: Ground out 6-3 (Groundball, 56, EV 87.5 MPH)
Batting: LHB Marquise Woods 0-0: Called Strike
0-1: Called Strike
0-2: Ball
1-2: Foul Ball, location: 5F
1-2: Foul Ball, location: 2F
1-2: Ground out 1-3 (Groundball, 15S, EV 66.9 MPH)
Batting: RHB Nate Campbell 0-0: Ground out 6-3 (Groundball, 6, EV 103.1 MPH)
Bottom of the 2nd over - 0 runs, 0 hits, 0 errors, 0 left on base; Tampa Bay 0 - Boston 1
TOP OF THE 3RD
Tampa Bay Rays batting - Pitching for Boston Red Sox : LHP Joe Carver
Batting: SHB Ryan Takach 0-0: Ground out 6-3 (Groundball, 6, EV 87.5 MPH)
Batting: RHB Mark Fousek 0-0: Ball
1-0: Foul Ball, location: 2F
1-1: Called Strike
1-2: Foul Ball, location: 2F
1-2: Strikes out swinging
Batting: SHB Jorge Ramos 0-0: Swinging Strike
0-1: Hit by Pitch
Batting: RHB Jamie Huggins 0-0: Ball
1-0: Called Strike
1-1: Called Strike
1-2: Strikes out looking
Top of the 3rd over - 0 runs, 0 hits, 0 errors, 1 left on base; Tampa Bay 0 - Boston 1
BOTTOM OF THE 3RD
Boston Red Sox batting - Pitching for Tampa Bay Rays : LHP Mike Garrett
Batting: LHB Sergio Mejia 0-0: Fly out, F6 (Popup, 6, EV 71.9 MPH)
Batting: RHB Ed Pollock 0-0: Called Strike
0-1: DOUBLE (Line Drive, 7LM, EV 111.3 MPH)
Batting: LHB Michael Lindstrom 0-0: Ball
Ed Pollock steals 3rd base
1-0: Swinging Strike
1-1: Ball
2-1: SINGLE (Groundball, 6M, EV 100.6 MPH) (infield hit)
Ed Pollock scores
Batting: SHB Tyler Den Hartog 0-0: Called Strike
0-1: Foul Ball, location: 9LDF
0-2: Ball
1-2: Ball
2-2: Strikes out looking
Batting: RHB Joe Fowler 0-0: Fly out, F5 (Popup, 56S, EV 80.0 MPH)
Bottom of the 3rd over - 1 run, 2 hits, 0 errors, 1 left on base; Tampa Bay 0 - Boston 2
TOP OF THE 4TH
Tampa Bay Rays batting - Pitching for Boston Red Sox : LHP Joe Carver
Batting: RHB Pedro Porras 0-0: Called Strike
0-1: Called Strike
0-2: Fly out, F9 (Flyball, 9, EV 79.4 MPH)
Batting: RHB Kevin Schulz 0-0: Foul Ball, location: 2F
0-1: Foul Ball, location: 9LMFF
0-2: Ball
1-2: Foul Ball, location: 2F
1-2: Foul Ball, location: 9LMF
1-2: SINGLE (Flyball, 5D, EV 91.9 MPH)
Batting: RHB Dave Taylor 0-0: Ball
1-0: Swinging Strike
1-1: Grounds into double play, 1-4-3 (Groundball, 15S, EV 67.5 MPH)
Top of the 4th over - 0 runs, 1 hit, 0 errors, 0 left on base; Tampa Bay 0 - Boston 2
BOTTOM OF THE 4TH
Boston Red Sox batting - Pitching for Tampa Bay Rays : LHP Mike Garrett
Batting: SHB Alex Salazar 0-0: Called Strike
0-1: Foul Ball, location: 3DF
0-2: Ball
1-2: Fly out, F2 (Popup, 3SF, EV 73.1 MPH)
Batting: RHB Zane Wilder 0-0: Fly out, F7 (Flyball, 7D, EV 106.9 MPH)
Batting: LHB Marquise Woods 0-0: Ball
1-0: Foul Ball, location: 3FF
1-1: Foul Ball, location: 3F
1-2: Foul Ball, location: 7LMF
1-2: Ball
2-2: Ball
3-2: Base on Balls
Batting: RHB Nate Campbell 0-0: SINGLE (Line Drive, 8LS, EV 106.3 MPH)
Marquise Woods to second
Batting: LHB Sergio Mejia 0-0: Foul Ball, location: 25FF
0-1: Called Strike
0-2: Strikes out swinging
Bottom of the 4th over - 0 runs, 1 hit, 0 errors, 2 left on base; Tampa Bay 0 - Boston 2
TOP OF THE 5TH
Tampa Bay Rays batting - Pitching for Boston Red Sox : LHP Joe Carver
Batting: RHB Steve Auclair 0-0: Ball
1-0: Ball
2-0: Called Strike
2-1: Foul Ball, location: 2F
2-2: Foul Ball, location: 9LMF
2-2: Foul Ball, location: 9LDF
2-2: Ball
3-2: SOLO HOME RUN (Flyball, 89XD, EV 110.6 MPH), Distance : 441 ft
Batting: LHB Ray Behm 0-0: Ball
1-0: Ground out 6-3 (Groundball, 6, EV 78.1 MPH)
Batting: SHB Ryan Takach 0-0: Ball
1-0: Ball
2-0: DOUBLE (Line Drive, 9LD, EV 108.1 MPH)
Batting: RHB Mark Fousek 0-0: Foul Ball, location: 3SF
0-1: Swinging Strike
0-2: Ball
1-2: Ball
2-2: Foul Ball, location: 2F
2-2: Fly out, F8 (Flyball, 8RD, EV 100.6 MPH)
Batting: SHB Jorge Ramos 0-0: Ball
1-0: Called Strike
1-1: 2-RUN HOME RUN (Flyball, 7LD, EV 95.0 MPH), Distance : 357 ft
Batting: RHB Jamie Huggins 0-0: Called Strike
0-1: Called Strike
0-2: Ground out 6-3 (Groundball, 6, EV 103.1 MPH)
Top of the 5th over - 3 runs, 3 hits, 0 errors, 0 left on base; Tampa Bay 3 - Boston 2
BOTTOM OF THE 5TH
Boston Red Sox batting - Pitching for Tampa Bay Rays : LHP Mike Garrett
Batting: RHB Ed Pollock 0-0: Called Strike
0-1: Fly out, F7 (Line Drive, 7, EV 103.8 MPH)
Batting: LHB Michael Lindstrom 0-0: Ball
1-0: Swinging Strike
1-1: Ball
2-1: Ground out 4-3 (Groundball, 34, EV 104.4 MPH)
Batting: SHB Tyler Den Hartog 0-0: Ball
1-0: Called Strike
1-1: Swinging Strike
1-2: Foul Ball, location: 5F
1-2: Ball
2-2: Ball
3-2: Fly out, F7 (Flyball, 78S, EV 91.3 MPH)
Bottom of the 5th over - 0 runs, 0 hits, 0 errors, 0 left on base; Tampa Bay 3 - Boston 2
TOP OF THE 6TH
Tampa Bay Rays batting - Pitching for Boston Red Sox : LHP Joe Carver
Batting: RHB Pedro Porras 0-0: Swinging Strike
0-1: Foul Ball, location: 5F
0-2: Ball
1-2: Ball
2-2: Ball
3-2: Foul Ball, location: 3FF
3-2: SINGLE (Groundball, P, EV 89.4 MPH) (infield hit)
Batting: RHB Kevin Schulz 0-0: 2-RUN HOME RUN (Flyball, 89XD, EV 113.1 MPH), Distance : 455 ft
Pitching: RHP Jayden Banks
Batting: RHB Dave Taylor 0-0: Ball
1-0: Called Strike
1-1: Ball
2-1: Ball
3-1: Called Strike
3-2: SINGLE (Line Drive, 8RS, EV 93.8 MPH)
Batting: RHB Steve Auclair 0-0: Called Strike
0-1: Called Strike
0-2: Strikes out swinging
Batting: LHB Ray Behm 0-0: Called Strike
0-1: Ball
1-1: Fly out, F7 (Flyball, 7, EV 80.0 MPH)
Batting: SHB Ryan Takach 0-0: Ball
1-0: Ball
2-0: Ball
3-0: Fly out, F8 (Line Drive, 8LXD, EV 101.3 MPH)
Top of the 6th over - 2 runs, 3 hits, 0 errors, 1 left on base; Tampa Bay 5 - Boston 2
BOTTOM OF THE 6TH
Boston Red Sox batting - Pitching for Tampa Bay Rays : LHP Mike Garrett
Batting: RHB Joe Fowler 0-0: Called Strike
0-1: Ball
1-1: DOUBLE (Groundball, 5L, EV 105.0 MPH)
Batting: SHB Alex Salazar 0-0: Ball
1-0: Swinging Strike
1-1: Ball
2-1: Ball
3-1: Foul Ball, location: 2F
3-2: Strikes out looking
Batting: RHB Zane Wilder 0-0: Called Strike
0-1: DOUBLE (Line Drive, 78D, EV 111.9 MPH)
Joe Fowler scores
Batting: LHB Marquise Woods 0-0: Swinging Strike
0-1: Ground out 6-3 (Groundball, 6M, EV 105.6 MPH)
Batting: RHB Nate Campbell 0-0: Foul Ball, location: 2F
0-1: Ball
1-1: Called Strike
1-2: Foul Ball, location: 5SF
1-2: Fly out, F3 (Popup, 3SF, EV 71.9 MPH)
Bottom of the 6th over - 1 run, 2 hits, 0 errors, 1 left on base; Tampa Bay 5 - Boston 3
TOP OF THE 7TH
Tampa Bay Rays batting - Pitching for Boston Red Sox : RHP Jayden Banks
Pitching: RHP Juan Cortez
Batting: RHB Mark Fousek 0-0: Called Strike
0-1: Swinging Strike
0-2: Strikes out looking
Batting: SHB Jorge Ramos 0-0: Ball
1-0: Ball
2-0: Ball
3-0: Called Strike
3-1: Base on Balls
Batting: RHB Jamie Huggins 0-0: Ball
1-0: Grounds into double play, 6-4-3 (Groundball, 6, EV 84.4 MPH)
Top of the 7th over - 0 runs, 0 hits, 0 errors, 0 left on base; Tampa Bay 5 - Boston 3
BOTTOM OF THE 7TH
Boston Red Sox batting - Pitching for Tampa Bay Rays : LHP Mike Garrett
Batting: LHB Sergio Mejia 0-0: Ball
1-0: Ball
2-0: Ball
3-0: Called Strike
3-1: Called Strike
3-2: Fly out, F7 (Flyball, 7LS, EV 87.5 MPH)
Batting: RHB Ed Pollock 0-0: Ball
1-0: Ball
2-0: Called Strike
2-1: Ball
3-1: Ground out 4-3 (Groundball, 4, EV 103.8 MPH)
Batting: LHB Michael Lindstrom 0-0: Ball
1-0: Called Strike
1-1: Fly out, F9 (Line Drive, 9, EV 95.6 MPH)
Bottom of the 7th over - 0 runs, 0 hits, 0 errors, 0 left on base; Tampa Bay 5 - Boston 3
TOP OF THE 8TH
Tampa Bay Rays batting - Pitching for Boston Red Sox : RHP Juan Cortez
Batting: RHB Pedro Porras 0-0: Ball
1-0: Called Strike
1-1: Foul Ball, location: 5F
1-2: Ball
2-2: Strikes out looking
Pitching: RHP Eric Rendleman
Batting: RHB Kevin Schulz 0-0: Ball
1-0: Foul Ball, location: 2F
1-1: Fly out, F7 (Flyball, 78S, EV 80.6 MPH)
Batting: RHB Dave Taylor 0-0: Fly out, F7 (Flyball, 78S, EV 98.8 MPH)
Top of the 8th over - 0 runs, 0 hits, 0 errors, 0 left on base; Tampa Bay 5 - Boston 3
BOTTOM OF THE 8TH
Boston Red Sox batting - Pitching for Tampa Bay Rays : LHP Mike Garrett
Now in LF: Jose Alcantar
Batting: SHB Tyler Den Hartog 0-0: Foul Ball, location: 5F
0-1: Ball
1-1: Fly out, F7 (Flyball, 7, EV 83.8 MPH)
Batting: RHB Joe Fowler 0-0: Ball
1-0: Fly out, F7 (Line Drive, 78M, EV 93.8 MPH)
Batting: SHB Alex Salazar 0-0: Called Strike
0-1: Ball
1-1: Fly out, F7 (Flyball, 7, EV 100.0 MPH)
Bottom of the 8th over - 0 runs, 0 hits, 0 errors, 0 left on base; Tampa Bay 5 - Boston 3
TOP OF THE 9TH
Tampa Bay Rays batting - Pitching for Boston Red Sox : RHP Eric Rendleman
Batting: RHB Steve Auclair 0-0: Ball
1-0: Called Strike
1-1: Called Strike
1-2: Foul Ball, location: 2F
1-2: Foul Ball, location: 7LMF
1-2: Strikes out swinging
Batting: LHB Ray Behm 0-0: Called Strike
0-1: Ball
1-1: Foul Ball, location: 2F
1-2: Strikes out swinging
Batting: SHB Ryan Takach 0-0: Ball
1-0: Called Strike
1-1: Called Strike
1-2: Ground out U3 (Groundball, 34S, EV 75.6 MPH)
Top of the 9th over - 0 runs, 0 hits, 0 errors, 0 left on base; Tampa Bay 5 - Boston 3
BOTTOM OF THE 9TH
Boston Red Sox batting - Pitching for Tampa Bay Rays : LHP Mike Garrett
Pitching: RHP Manny Rice
Batting: RHB Zane Wilder 0-0: Ground out 1-3 (Groundball, 13S, EV 66.9 MPH)
Batting: LHB Marquise Woods 0-0: Swinging Strike
0-1: SINGLE (Line Drive, 56, EV 96.3 MPH)
Batting: RHB Nate Campbell 0-0: Ball
1-0: Ball
2-0: SINGLE (Line Drive, 78S, EV 96.9 MPH)
Marquise Woods to second
Batting: LHB Sergio Mejia 0-0: Called Strike
0-1: Swinging Strike
0-2: Strikes out swinging
Batting: RHB Ed Pollock 0-0: Called Strike
0-1: Swinging Strike
0-2: Strikes out swinging
Bottom of the 9th over - 0 runs, 2 hits, 0 errors, 2 left on base; Tampa Bay 5 - Boston 3
Saturday, May 4th , 2024 - OOTP Baseball 24.11 Build 85